 Dungeon Crawl Stone Soup version 0.26-a0-812-g31a745ddcd (webtiles) character file.

Game seed: 663085922233884188

19 kae the Ruffian (level 2, -1/23 HPs)
             Began as a Draconian Transmuter on Nov 30, 2020.
             Killed by nerve-wracking pain
             ... invoked by Jessica
              (12 damage)
             ... on level 2 of the Dungeon.
             The game lasted 00:00:22 (1193 turns).

kae the Ruffian (Draconian Transmuter)              Turns: 1193, Time: 00:00:23

Health: -1/23      AC:  4    Str: 12    XL:     2   Next: 55%
Magic:  4/5        EV: 12    Int: 13    God:
Gold:   120        SH:  0    Dex: 11    Spells: 4/5 levels left

rFire    . . .     SeeInvis .     - Unarmed
rCold    . . .     Faith    .   (no shield)
rNeg     . . .     Spirit   .   (armour unavailable)
rPois    .         Reflect  .   (helmet currently unavailable)
rElec    .         Harm     .   (no cloak)
rCorr    .         Rampage  .   (no gloves)
MR       .....                  (boots currently unavailable)
Stlth    +.........             (no amulet)
HPRegen  0.07/turn              (no ring)
MPRegen  0.09/turn              (no ring)

@: appendages
A: unfitting armour, horns 2, talons 2, cold-blooded, AC +4
a: End Transformation


You were on level 2 of the Dungeon.
You had grown temporary horns.
You had grown temporary talons.
You visited 1 branch of the dungeon, and saw 2 of its levels.

You collected 120 gold pieces.

Inventory:

Jewellery
 f - a cursed ring of teleportation {unknown}
 g - an uncursed amulet of regeneration {unknown}
Scrolls
 a - 2 scrolls of blinking {unknown}
 b - a scroll of random uselessness {unknown}
 c - 2 scrolls of remove curse {unknown}
Potions
 d - 2 potions of curing {unknown}
 e - a potion of brilliance {unknown}
 h - a potion of attraction {unknown}


   Skills:
 + Level 1.3 Fighting
 + Level 1.9 Dodging
 * Level 3.3 Unarmed Combat
 + Level 2.1 Spellcasting
 * Level 2.4 Transmutations


You had 4 spell levels left.
You knew the following spells:

 Your Spells              Type           Power        Failure   Level
a - Beastly Appendage     Tmut           #.....       10%         1

Your spell library contained the following spells:

 Spells                   Type           Power        Failure   Level
 Wereblood                Tmut           #.......     14%         2
 Spider Form              Tmut/Pois      #.........   43%         3
 Ice Form                 Ice/Tmut       #.......     83%         4
 Blade Hands              Tmut           #.........   95%         5


Dungeon Overview and Level Annotations

Branches:
Dungeon (2/15)

Altars:
Yredelemnul

Annotations:
D:2 Jessica


Innate Abilities, Weirdness & Mutations

Your plain brown scales are hard. (AC +4)
You cannot fit into any form of body armour.
You are cold-blooded and may be slowed by cold attacks.
You have a pair of horns on your head.
You have razor-sharp toenails.


Message History

There is a dry fountain here.
You now have 120 gold pieces (gained 15).
Found a stone staircase leading down.
There is a stone staircase leading down here.
Found a stone staircase leading down.
Jessica the Apprentice Sorceress comes into view.
Jessica is nearby!
Jessica is nearby!
Jessica shouts!
Found 13 gold pieces.
Casting: Beastly Appendage (safe; 10% risk of failure)
Confirm with . or Enter, or press ? or * to list all spells.
You grow a pair of large bovine horns.
Your feet morph into talons.
Jessica gestures at you while chanting. Pain shoots through your body!
Ouch! That really hurt!
Jessica gestures at you while chanting. Pain shoots through your body!
Ouch! That really hurt!
You die...

#......# #......#
#......# #
##......#### .#
#...###>#..### .##
# #...# #..#...##
...#.. #..##
##......####.#...#
...#
#####>........#
...# ###..@.#.##
..## ####....# ###
..#.@.# ....#..
.#.## . .... .. ..
$. .#.


You could see Jessica.

Vanquished Creatures
  A dart slug (D:1)
  2 leopard geckos (D:2)
  A giant cockroach (D:1)
  2 goblins
  A hobgoblin (D:1)
  2 jackals (D:1)
  2 bats (D:1)
  A kobold (D:2)
  3 rats
15 creatures vanquished.

Notes
Turn   | Place    | Note
-------+----------+-------------------------------------------
     0 | D:1      | kae the Draconian Transmuter began the quest for the Orb.
     0 | D:1      | Reached XP level 1. HP: 16/16 MP: 3/3
   358 | D:1      | Reached XP level 2. HP: 17/23 MP: 3/5
  1149 | D:2      | Found a basalt altar of Yredelemnul.
  1190 | D:2      | Noticed Jessica
  1193 | D:2      | Killed from afar by Jessica

Illustrated notes

Levels and vault maps discovered:
D:1:      co_arrival_random_square_maze, layout_basic, kennysheep_flooded_box,
          st_stairs_13
D:2:      layout_rooms, kennysheep_ying_yang, tgw_fedhas,
          chequers_ecumenical_altar_lobes, minmay_misc_feat_four_crosses,
          kennysheep_doodads, ebering_dispersal_statue_hall, nrook_mini_vaults,
          hangedman_decor_clover_reticule, uniq_terence, uniq_jessica

Action                   || total
-------------------------++-------
Melee: Unarmed           ||    39
       Kick              ||     6
       Headbutt          ||     1
       Tailslap          ||     1
 Cast: Beastly Appendage ||    13
Armor: Skin              ||    15
Dodge: Dodged            ||    32

Table legend: (Time is in decaauts)
 A = Elapsed time spent in this place.
 B = Non-inter-level travel time spent in this place.
 C = Inter-level travel time spent in this place.
 D = Time resting spent in this place.
 E = Time spent auto-exploring this place.
 F = Levels seen in this place.
 G = Mean time per level.
                   A        B        C        D        E       F      G
               +--------+--------+--------+--------+--------+-----+--------+
         Total |   1191 |   1159 |     32 |      0 |   1044 |   2 |  595.5 |
       Dungeon |   1191 |   1159 |     32 |      0 |   1044 |   2 |  595.5 |
               +--------+--------+--------+--------+--------+-----+--------+

Top non-repeatable levels by time:
     D:1: 947 daAuts
     D:2: 243 daAuts
